 Dungeon Crawl Stone Soup version 0.30-a0-756-gc2185399d4 (webtiles) character file.

Game seed: 12737638444718865407

107 mopl the Sneak (level 4, -2/23 HPs)
             Began as a Vine Stalker Brigand on Feb 9, 2023.
             Shot with a sling bullet by a goblin (3 damage)
             ... on level 2 of the Dungeon.
             The game lasted 00:01:45 (1037 turns).

mopl the Sneak (Vine Stalker Brigand)               Turns: 1037, Time: 00:01:45

Health: -2/23      AC:  3    Str: 14    XL:     4   Next: 85%
Magic:  0/5        EV: 11    Int: 11    God:
Gold:   61         SH:  0    Dex: 17    Spells: 3/3 levels left

rFire   . . .      SeeInvis .    a - +2 dagger
rCold   . . .      Faith    .    (no shield)
rNeg    . . .      Spirit   +    b - +0 robe
rPois   .          Reflect  .    (no helmet)
rElec   .          Harm     .    c - +0 cloak
rCorr   .          Rampage  .    (no gloves)
Will    .....                    (no boots)
Stlth   +++                      p - amulet of regeneration
HPRegen 1.83/turn                o - ring of wizardry
MPRegen 0.09/turn                (no ring)

@: no status effects
A: fangs 2, regeneration 1, magic shield, antimagic bite, no potion heal 2
a: no special abilities


You were on level 2 of the Dungeon.
You visited 1 branch of the dungeon, and saw 2 of its levels.

You collected 61 gold pieces.

Inventory:

Hand Weapons
 a - a +2 dagger (weapon)
 j - a +3 sling
Missiles
 d - 17 poisoned darts (quivered)
 e - 3 curare-tipped darts
Armour
 b - a +0 robe (worn)
 c - a +0 cloak (worn)
Jewellery
 o - a ring of wizardry (left hand)
 p - an amulet of regeneration (around neck)
Scrolls
 h - 2 scrolls of identify {unknown}
 k - a scroll of brand weapon {unknown}
 l - a scroll of teleportation {unknown}
 m - a scroll of fear {unknown}
Potions
 f - a potion of magic {unknown}
 g - a potion of might {unknown}
 i - a potion of cancellation {unknown}
 n - a potion of heal wounds {unknown}


   Skills:
 - Level 1.7 Fighting
 + Level 2.9 Short Blades
 + Level 2.9 Throwing
 - Level 0.7 Dodging
 + Level 5.9 Stealth


You had 3 spell levels left.
You didn't know any spells.
Your spell library was empty.

Dungeon Overview and Level Annotations

Branches:
Dungeon (2/15)

Altars:


Innate Abilities, Weirdness & Mutations

You have extremely sharp teeth.
Your natural rate of healing is unusually fast.
When hurt, damage is shared between your health and your magic reserves.
Your bite disrupts and absorbs the magic of your enemies.
Potions cannot restore your health.


Message History

* * * LOW HITPOINT WARNING * * *
You hit Ijyb but do no damage.
Ijyb is severely wounded.
Ijyb closely misses you.
You closely miss Ijyb.
Ijyb is severely wounded.
Ijyb zaps a wand.
The puff of flame hits you.
* * * LOW HITPOINT WARNING * * *
You barely miss Ijyb.
Ijyb is severely wounded.
You hit Ijyb.
You kill Ijyb!
You barely miss the goblin.
The goblin is heavily wounded.
The goblin closely misses you.
You hit the goblin.
You kill the goblin!
You hit the goblin.
The goblin is heavily wounded.
The goblin hits you with a +0 dagger.
You hit the goblin.
You kill the goblin!
The goblin shoots a sling bullet.
The sling bullet hits you but does no damage.
The goblin hits you with a +0 club.
The goblin unwields a +0 sling.
The goblin wields a +0 dagger.
The goblin hits you with a +0 dagger.
* * * LOW HITPOINT WARNING * * *
Items here: ! ))))) / [ †††.
The goblin attacks as you move away! The goblin hits you with a +0 dagger.
* * * LOW HITPOINT WARNING * * *
The goblin unwields a +0 club.
The goblin wields a +0 sling.
The goblin shoots a sling bullet.
The sling bullet hits you.
* * * LOW HITPOINT WARNING * * *
The goblin unwields a +0 dagger.
The goblin wields a +0 sling.
The goblin shoots a sling bullet.
The sling bullet hits you.
* * * LOW HITPOINT WARNING * * *
The goblin shoots a sling bullet.
The sling bullet hits you.
* * * LOW HITPOINT WARNING * * *
The goblin shoots a sling bullet.
The sling bullet hits you.
You die...

.....###...#
.#....#....## #.#
#....###....##
..##### ....##
##....## ..8.8.8
.....# #......##
....... ....##
##......###
....... .#.##
##.#.....#
....... ####
####.#..##.......
# ####@.)g......
####
####.#..##g.8.8.8
.#.## ##.#.....#
####### ....##
##......#.#
.....#
#......#..#
....##
##....#..##
#....###.......##
......#....#####
#.#..###..##


You could see 2 goblins.

Vanquished Creatures
  Ijyb (D:2)
  2 adders (D:2)
  3 dart slugs (D:1)
  4 ball pythons (D:1)
  7 bats
  4 endoplasms (D:1)
  5 giant cockroaches (D:1)
  8 goblins
  A hobgoblin (D:1)
  2 quokkas (D:1)
  7 frilled lizards
  4 kobolds
  8 rats
56 creatures vanquished.

Vanquished Creatures (others)
  5 plants (D:1)
5 creatures vanquished.

Grand Total: 61 creatures vanquished

Notes
Turn   | Place    | Note
-------+----------+-------------------------------------------
     0 | D:1      | mopl the Vine Stalker Brigand began the quest for the Orb.
     0 | D:1      | Reached XP level 1. HP: 11/11 MP: 2/2
    48 | D:1      | Reached skill level 2 in Short Blades
    48 | D:1      | Reached skill level 2 in Throwing
    48 | D:1      | Reached skill level 5 in Stealth
    48 | D:1      | Reached XP level 2. HP: 15/15 MP: 3/3
   234 | D:1      | Reached XP level 3. HP: 5/18 MP: 2/4
   791 | D:2      | Gained mutation: Your natural rate of healing is unusually
                  | fast. [Vine Stalker growth]
   791 | D:2      | Reached XP level 4. HP: 4/23 MP: 3/5
   991 | D:2      | Noticed Ijyb
  1028 | D:2      | HP: 1/23 [Ijyb/puff of flame (5)]
  1030 | D:2      | Killed Ijyb
  1037 | D:2      | HP: 1/23 [goblin/sling bullet (3)]
  1037 | D:2      | Shot with a sling bullet by a goblin

Illustrated notes

Levels and vault maps discovered:
D:1:      psy_arrival_terrarium, layout_loops_ring, serial_bayou,
          serial_bayou_shore_b, serial_bayou_pond_a, serial_bayou_pond_b,
          serial_bayou_pond_d, serial_bayou_pond_b, serial_bayou_pond_d
D:2:      kennysheep_the_goblin_king, layout_basic,
          dilly_ecumenical_altar_fadedgnrine, chequers_serial_rivers_micro_d,
          minivault_27, nicolae_figureground_sparkle

Skill      XL: |  1 |
---------------+----+-----
Short Blades   | 2 |  2.9
Throwing       | 2 |  2.9
Stealth        | 5 |  5.9
Fighting       | |  1.7
Dodging        | |  0.7

Action                     |  1- 3 |  4- 6 || total
---------------------------+-------+-------++-------
  Melee: Dagger            |   110 |    54 ||   164
         Bite              |    14 |    15 ||    29
         Punch             |     2 |     1 ||     3
   Stab: Sleeping          |    11 |       ||    11
 Armour: Robe              |    40 |     8 ||    48
  Dodge: Dodged            |    83 |    24 ||   107

Table legend: (Time is in decaauts)
 A = Elapsed time spent in this place.
 B = Non-inter-level travel time spent in this place.
 C = Inter-level travel time spent in this place.
 D = Time resting spent in this place.
 E = Time spent auto-exploring this place.
 F = Levels seen in this place.
 G = Mean time per level.
                   A        B        C        D        E       F      G
               +--------+--------+--------+--------+--------+-----+--------+
         Total |   1026 |    999 |     27 |     34 |    593 |   2 |  513.0 |
       Dungeon |   1026 |    999 |     27 |     34 |    593 |   2 |  513.0 |
               +--------+--------+--------+--------+--------+-----+--------+

Top non-repeatable levels by time:
     D:1: 722 daAuts
     D:2: 303 daAuts
